 Dungeon Crawl Stone Soup version 0.26-a0-466-g989023bd0d (webtiles) character file.

Game seed: 5963244328639706348

5882 graki42 the Thaumaturge (level 10, -2/50 HPs)
             Began as a Deep Elf Fire Elementalist on Aug 14, 2020.
             Was a Believer of Vehumet.
             Slain by a yak (6 damage)
             ... on level 9 of the Dungeon.
             The game lasted 00:40:18 (9812 turns).

graki42 the Thaumaturge (DEFE)                      Turns: 9812, Time: 00:40:20

Health: -2/50      AC: 10    Str:  8    XL:     10   Next: 52%
Magic:  3/27       EV: 13    Int: 21    God:    Vehumet [**....]
Gold:   531        SH:  0    Dex: 15    Spells: 13/32 levels left

rFire    + . .     SeeInvis .   s - +1 rapier (vamp)
rCold    x . .     Faith    .   (no shield)
rNeg     . . .     Spirit   .   a - +0 robe
rPois    .         Reflect  .   O - +0 hat
rElec    .         Harm     .   j - +1 cloak
rCorr    .                      q - +1 pair of gloves
MR       +....                  (no boots)
Stlth    ++........             (no amulet)
HPRegen  0.16/turn              G - +4 ring of protection
MPRegen  0.20/turn              o - ring of fire

@: no status effects
A: no striking features
a: Renounce Religion


You were on level 9 of the Dungeon.
You worshipped Vehumet.
Vehumet was pleased with you.
You visited 2 branches of the dungeon, and saw 10 of its levels.

You collected 531 gold pieces.

Inventory:

Hand Weapons
 s - a +1 vampiric rapier (weapon)
Armour
 a - a +0 robe (worn)
 j - a +1 cloak (worn)
 q - a +1 pair of gloves (worn)
 J - a +0 buckler
 O - a +0 hat (worn)
Jewellery
 o - a ring of fire (right hand)
 u - a +4 ring of evasion
 x - an uncursed ring of protection from fire
 y - an uncursed ring of positive energy
 B - a +6 ring of strength
 C - an uncursed ring of fire
 D - an uncursed ring of see invisible
 G - a +4 ring of protection (left hand)
 K - an uncursed ring of protection from magic
 N - an uncursed ring of protection from magic
Wands
 b - a wand of flame (19)
 p - a wand of disintegration (16)
 L - a wand of digging (2)
Scrolls
 c - 2 scrolls of random uselessness {unknown}
 d - 4 scrolls of teleportation
 f - 2 scrolls of magic mapping {unknown}
 g - a scroll of enchant weapon {unknown}
 h - 3 scrolls of enchant armour
 i - 3 scrolls of remove curse
 n - a scroll of noise {unknown}
 r - 4 scrolls of fear
 A - 2 scrolls of blinking {unknown}
 F - 2 scrolls of vulnerability {unknown}
 H - a scroll of silence {unknown}
 I - 2 scrolls of identify
 M - a scroll of torment {unknown}
Potions
 e - 3 potions of stabbing
 l - 2 potions of mutation
 m - 3 potions of might
 t - 4 potions of curing
 v - a potion of ambrosia
 w - a potion of brilliance {unknown}
 z - a potion of flight
 E - a potion of degeneration {unknown}
 P - 2 potions of haste {unknown}


   Skills:
 - Level 3.0 Dodging
 - Level 3.0 Stealth
 + Level 11.5 Spellcasting
 + Level 9.5 Conjurations
 - Level 6.0 Hexes
 + Level 10.1 Fire Magic


You had 13 spell levels left.
You knew the following spells:

 Your Spells              Type           Power        Failure   Level
a - Foxfire               Conj/Fire      ####         1%          1
b - Conjure Flame         Conj/Fire      ######..     1%          3
c - Inner Flame           Hex/Fire       ######..     1%          3
d - Sticky Flame          Conj/Fire      ######..     1%          4
e - Fireball              Conj/Fire      ######....   2%          5
f - Magic Dart            Conj           ####         1%          1
g - Slow                  Hex            #####...     1%          2

Your spell library contained the following spells:

 Spells                   Type           Power        Failure   Level
 Sandblast                Erth           ##....       5%          1
 Corona                   Hex            #####..      1%          1
 Portal Projectile        Hex/Tloc       ###...       4%          3
 Cause Fear               Hex            #####.....   4%          4
 Leda's Liquefaction      Hex/Erth       ###.......   16%         4


Dungeon Overview and Level Annotations

Branches:
Dungeon (9/15)             Temple (1/1) D:6            Lair (0/6) D:8
    Orc: D:9-12

Altars:
Ashenzari
Cheibriados
Dithmenos
Elyvilon
Fedhas
Gozag
Hepliaklqana
Kikubaaqudgha
Makhleb
Nemelex Xobeh
Okawaru
Qazlal
Ru
Trog
Uskayaw
Vehumet
Wu Jian
Xom
Yredelemnul
Zin
The Shining One

Shops:
D:8 =

Annotations:
D:8 Harold


Message History

Press: ? - help, Shift-Dir - straight line, f/p - orc warrior
Aim: an orc warrior, wielding a +0 battleaxe and wearing a +0 plate armour (severely wounded, covered in liquid flames)
You feel a surge of power!
The fireball explodes!
The fireball engulfs the orc warrior!!
You kill the orc warrior!
Vehumet accepts your kill.
You hear a bark!
Casting: Fireball (dangerous; 2% risk of failure)
Confirm with . or Enter, or press ? or * to list all spells.
Okay, then.
Okay, then.
Casting: Fireball (dangerous; 2% risk of failure)
Confirm with . or Enter, or press ? or * to list all spells.
Aiming: Sticky Flame (dangerous; 1% risk of failure)
Press: ? - help, Shift-Dir - straight line, f - yak
Aim: a yak (heavily wounded)
You feel a surge of power!
The sticky flame hits the yak.
The yak is severely wounded.
The yak is covered in liquid flames!
The yak burns!
The yak gores you.
You die...

### ##.+
##..##
##.#..#
##.#..###
##.#.....#
#.#.Y#.)###
#Y.#@##).#
#..#.##..###
#..#.#####..#
#.†#.# #..###
#.†#.# ###..#
...#.# #..###
..#.# ###..#
.#.# #..###
###..#


You could see a yak (burning).

Vanquished Creatures
  A two-headed ogre (D:8)
  A skeletal warrior (D:8)
  Prince Ribbit (D:5)
  2 hippogriffs
  4 yaks (D:9)
  Eustachio (D:5)
  A steam dragon (D:7)
  Duvessa (D:5)
  2 orc warriors
  A black bear (D:7)
  2 phantoms
  3 ice beasts
  The ghost of sking99 the Ruffian, an amateur DrTm (D:3)
  6 ogres
  4 centaurs
  3 bullfrogs
  Dowan (D:5)
  A scorpion (D:6)
  4 wights (D:6)
  2 howler monkeys
  An electric eel (D:6)
  2 centaur skeletons
  A centaur zombie (D:8)
  2 hounds
  A jelly (D:4)
  3 bullfrog zombies
  5 orc priests
  2 bullfrog skeletons (D:4)
  3 orc wizards (D:6)
  Jessica (D:2)
  8 worker ants
  An iguana (D:4)
  A hound zombie (D:5)
  A hound skeleton (D:5)
  A worker ant zombie (D:8)
  7 adders
  A howler monkey skeleton (D:8)
  2 white imps (D:6)
  2 ufetubi
  3 oozes
  An adder skeleton (D:6)
  2 worms
  2 dart slugs
  8 leopard geckos
  13 orcs
  A giant cockroach (D:1)
  7 goblins
  4 hobgoblins
  12 jackals
  7 quokkas
  3 bats
  4 frilled lizards
  5 kobolds
  A leopard gecko skeleton (D:8)
  A quokka zombie (D:5)
  8 rats
169 creatures vanquished.

Vanquished Creatures (others)
  A jackal (D:8)
  605 foxfires
  A fungus (D:8)
  A plant (D:8)
608 creatures vanquished.

Grand Total: 777 creatures vanquished

Notes
Turn   | Place    | Note
-------+----------+-------------------------------------------
     0 | D:1      | graki42 the Deep Elf Fire Elementalist began the quest for
                  | the Orb.
     0 | D:1      | Reached XP level 1. HP: 10/10 MP: 6/6
    81 | D:1      | Found a shattered altar of Ashenzari.
   279 | D:1      | Reached XP level 2. HP: 15/15 MP: 6/8
  1042 | D:2      | Reached XP level 3. HP: 12/19 MP: 6/9
  1468 | D:2      | Noticed Jessica
  1473 | D:2      | Killed Jessica
  1572 | D:2      | Reached XP level 4. HP: 24/24 MP: 8/11
  1638 | D:2      | Found a blossoming altar of Fedhas.
  1753 | D:2      | Found a shimmering altar of Xom.
  1803 | D:2      | You fall into a shaft and drop 2 floors!
  1810 | D:4      | Learned a level 3 spell: Conjure Flame
  1814 | D:4      | Learned a level 3 spell: Inner Flame
  1836 | D:4      | Reached skill level 4 in Spellcasting
  1913 | D:4      | Reached XP level 5. HP: 28/28 MP: 6/13
  1976 | D:4      | Learned a level 4 spell: Sticky Flame
  2387 | D:4      | Reached skill level 1 in Hexes
  2438 | D:4      | Reached skill level 5 in Spellcasting
  2539 | D:3      | Found a burning altar of Makhleb.
  2584 | D:3      | Found a sacrificial altar of Ru.
  2616 | D:3      | Found a runed translucent gate.
  2626 | D:3      | Found a runed translucent gate.
  2627 | D:3      | Found a runed translucent gate.
  2628 | D:3      | Noticed sking99's ghost (amateur DrTm)
  2649 | D:3      | Killed sking99's ghost
  2649 | D:3      | Reached XP level 6. HP: 32/32 MP: 3/15
  2834 | D:3      | Reached skill level 5 in Fire Magic
  3154 | D:3      | Found a white marble altar of Elyvilon.
  3261 | D:3      | Found a radiant altar of Vehumet.
  3268 | D:3      | Became a worshipper of Vehumet
  3308 | D:3      | Learned a level 5 spell: Fireball
  4320 | D:4      | Reached XP level 7. HP: 36/36 MP: 13/17
  4561 | D:5      | Entered Level 5 of the Dungeon
  4622 | D:5      | Reached skill level 6 in Spellcasting
  4704 | D:5      | Noticed Eustachio
  4785 | D:5      | Killed Eustachio
  5055 | D:5      | Noticed Prince Ribbit
  5060 | D:5      | Killed Prince Ribbit
  5060 | D:5      | Reached skill level 5 in Conjurations
  5150 | D:5      | Noticed Duvessa
  5150 | D:5      | Noticed Dowan
  5155 | D:5      | Killed Duvessa
  5155 | D:5      | Reached skill level 7 in Spellcasting
  5155 | D:5      | Reached XP level 8. HP: 41/41 MP: 12/20
  5159 | D:5      | Killed Dowan
  5231 | D:5      | Reached * piety under Vehumet
  5231 | D:5      | Offered knowledge of Magic Dart by Vehumet.
  5234 | D:5      | Learned a level 1 spell: Magic Dart
  5317 | D:5      | Found a stormy altar of Qazlal.
  5623 | D:6      | Found a blossoming altar of Fedhas.
  5863 | D:6      | Noticed a hippogriff
  5883 | D:6      | Killed a hippogriff
  5883 | D:6      | Reached skill level 8 in Spellcasting
  6702 | D:6      | Learned a level 2 spell: Slow
  6740 | D:6      | Found a snail-covered altar of Cheibriados.
  6919 | D:6      | Found a staircase to the Ecumenical Temple.
  6927 | Temple   | Entered the Ecumenical Temple
  7141 | D:6      | Reached XP level 9. HP: 45/45 MP: 19/23
  7209 | D:6      | Reached skill level 9 in Spellcasting
  7426 | D:6      | Found an ornate altar of the Wu Jian Council.
  7684 | D:7      | Offered knowledge of Sandblast by Vehumet.
  7732 | D:7      | Found a radiant altar of Vehumet.
  7739 | D:7      | Reached ** piety under Vehumet
  7742 | D:7      | Reached skill level 5 in Hexes
  8324 | D:7      | Noticed a six-headed hydra
  8363 | D:8      | Found Unke's Jewellery Shop.
  8487 | D:8      | Reached skill level 10 in Spellcasting
  8758 | D:8      | Noticed a two-headed ogre
  8786 | D:8      | Killed a two-headed ogre
  8786 | D:8      | Reached XP level 10. HP: 50/50 MP: 13/26
  9015 | D:8      | Found a staircase to the Lair.
  9206 | D:8      | Noticed a skeletal warrior
  9213 | D:8      | Killed a skeletal warrior
  9213 | D:8      | Reached skill level 11 in Spellcasting
  9352 | D:8      | Noticed Harold
  9733 | D:9      | Reached skill level 10 in Fire Magic
  9812 | D:9      | Slain by a yak

Illustrated notes

Levels and vault maps discovered:
D:1:      minmay_arrival_three_doors, layout_loops_ring, kennysheep_flooded_box,
          evilmike_ruin_ashenzari
D:2:      layout_loops_corners, nicolae_overflow_hidden_temple,
          nrook_mini_vaults, fedhas_altar_2, uniq_jessica
D:3:      layout_basic, lemuel_round_altar, bloody_makhleb,
          nicolae_overflow_crystal_walls, lemuel_coloured_pillars_altar,
          ebering_ghost_rock_garden
D:4:      layout_basic, grunt_decor_cap
D:5:      layout_basic, kennysheep_little_box, uniq_prince_ribbit1,
          uniq_duvessa, uniq_eustachio
D:6:      layout_loops_cross, marbit_many_paths, cheibrodos_worm_habitat,
          kennysheep_mini, minmay_temple_entry_ruins, serial_bayou_lake_a
D:7:      layout_gridville, basic_altar, minmay_holes
D:8:      layout_basic, tgw_sif, dpeg_oklobed_lair, serial_shops, shop_coins,
          kb_rosetta, uniq_maurice, uniq_harold
D:9:      minmay_razor_zed, layout_basic,
          kennysheep_orc_monster_closet_entryway, uniq_erica
Temple:   minmay_temple_curvy_loop

Skill      XL: |  1  2  3  4  5  6  7  8  9 10 |
---------------+-------------------------------+-----
Stealth        | 3 |  3.0
Dodging        | 3 |  3.0
Conjurations   | 2 3 4 5 7 8 9 |  9.5
Spellcasting   | 4 5 7 8 10 11 | 11.5
Fire Magic     | 4 5 6 7 9 10 | 10.1
Hexes          | 1 3 4 6 |  6.0

Action                   |  1- 3 |  4- 6 |  7- 9 | 10-12 || total
-------------------------+-------+-------+-------+-------++-------
Melee: Unarmed           |     2 |       |       |       ||     2
       Rapier            |       |       |    12 |    10 ||    22
 Cast: Foxfire           |    50 |    95 |   190 |    22 ||   357
       Conjure Flame     |       |     4 |     4 |     1 ||     9
       Sticky Flame      |       |     1 |    17 |     8 ||    26
       Inner Flame       |       |     1 |     3 |       ||     4
       Magic Dart        |       |       |    11 |     4 ||    15
       Fireball          |       |       |     1 |    12 ||    13
       Slow              |       |       |     1 |       ||     1
Evoke: Wand              |       |       |       |     5 ||     5
  Use: Scroll            |       |     6 |     5 |     1 ||    12
       Potion            |       |     2 |       |     1 ||     3
 Stab: Sleeping          |       |       |     1 |     1 ||     2
Armor: Robe              |     2 |     2 |    25 |     7 ||    36
Dodge: Dodged            |     7 |    17 |    74 |    19 ||   117

Table legend: (Time is in decaauts)
 A = Elapsed time spent in this place.
 B = Non-inter-level travel time spent in this place.
 C = Inter-level travel time spent in this place.
 D = Time resting spent in this place.
 E = Time spent auto-exploring this place.
 F = Levels seen in this place.
 G = Mean time per level.
                   A        B        C        D        E       F      G
               +--------+--------+--------+--------+--------+-----+--------+
         Total |   9852 |   9564 |    288 |   2507 |   5604 |  10 |  985.2 |
       Dungeon |   9643 |   9379 |    264 |   2507 |   5420 |   9 | 1071.4 |
        Temple |    208 |    184 |     24 |      0 |    184 |   1 |  208.0 |
               +--------+--------+--------+--------+--------+-----+--------+

Top non-repeatable levels by time:
     D:6: 1827 daAuts
     D:4: 1410 daAuts
     D:2: 1345 daAuts
     D:8: 1143 daAuts
     D:3: 1112 daAuts
     D:5: 948 daAuts
     D:1: 795 daAuts
     D:7: 732 daAuts
     D:9: 328 daAuts
  Temple: 208 daAuts
